 Dungeon Crawl Stone Soup version 0.26.1-11-gd32895ea62 (webtiles) character file.

Game seed: 2662145909947176338

167 Almogavar the Slasher (level 5, -10/73 HPs)
             Began as a Palentonga Berserker on July 23, 2021.
             Was a Believer of Trog.
             Mangled by an ogre
             ... wielding a +0 giant club
              (15 damage)
             ... on level 4 of the Dungeon.
             The game lasted 00:05:22 (2919 turns).

Almogavar the Slasher (Palentonga Berserker)        Turns: 2919, Time: 00:05:23

Health: -10/73     AC:  8    Str: 21    XL:     5   Next: 23%
Magic:  0/5        EV:  8    Int:  7    God:    Trog [**....]
Gold:   201        SH:  0    Dex: 10    Spells: 4/4 levels left

rFire    . . .     SeeInvis +   a - +0 falchion
rCold    . . .     Faith    .   (no shield)
rNeg     . . .     Spirit   +   b - +0 animal skin
rPois    +         Reflect  .   (no helmet)
rElec    .         Harm     .   (no cloak)
rCorr    .         Rampage  .   (no gloves)
Will     +++..                  p - +0 barding
Stlth    ..........             i - amulet of guardian spirit
HPRegen  1.22/turn              o - ring of willpower
MPRegen  0.09/turn              n - ring of poison resistance

@: berserking, regenerating, very quick
A: large, rugged brown scales 3, see invisible, deformed body, roll 1, armoured
tail
a: Rolling Charge, Renounce Religion, Berserk, Trog's Hand


You were on level 4 of the Dungeon.
You worshipped Trog.
Trog was pleased with you.
You visited 1 branch of the dungeon, and saw 4 of its levels.

You collected 201 gold pieces.

Inventory:

Hand Weapons
 a - a +0 falchion (weapon)
Armour
 b - a +0 animal skin (worn)
 h - a +0 ring mail
 p - a +0 barding (worn)
Jewellery
 e - an uncursed ring of stealth
 i - an amulet of guardian spirit (around neck)
 n - a ring of poison resistance (right hand)
 o - a ring of willpower (left hand)
Scrolls
 c - 3 scrolls of teleportation
 f - a scroll of magic mapping
 g - 2 scrolls of remove curse
 k - 2 scrolls of enchant weapon {unknown}
 l - a scroll of enchant armour {unknown}
 m - a scroll of immolation {unknown}
Potions
 d - a potion of magic
 j - a potion of resistance
 q - a potion of mutation {unknown}
 r - 2 potions of heal wounds {unknown}


   Skills:
 + Level 3.8 Fighting
 + Level 4.5 Long Blades
 + Level 1.8 Armour
 + Level 2.6 Dodging
 + Level 0.2 Stealth


You had 4 spell levels left.
You didn't know any spells.
Your spell library was empty.

Dungeon Overview and Level Annotations

Branches:
Dungeon (4/15)             Temple (0/1) D:4

Altars:

Annotations:
D:4 Dowan


Innate Abilities, Weirdness & Mutations

You are completely covered in rugged brown scales. (AC +3, +7% HP)
You have supernaturally acute eyesight. (SInv)
Armour fits poorly on your strangely shaped body.
You can roll at nearby foes to attack.
You have a long armoured tail.


Message History

Duvessa burns you.
* * * LOW HITPOINT WARNING * * *
You slice Duvessa!!
You feel the power of Trog in you as your rage grows.
You kill Duvessa!
Trog accepts your kill.
Dowan screams, "No!
Oh no!"
Dowan seems to find hidden reserves of power!
Dowan says, "Her death will not be in vain!"
Dowan hits you but does no damage.
Your Long Blades skill increases to level 4!
You have reached level 4!
You feel agile.
You have reached level 5!
You slash the ogre!
The ogre is moderately wounded.
Dowan hits you with a +0 dagger.
* * * LOW HITPOINT WARNING * * *
The ogre hits you with a +0 giant club!
You die...

..#.########## .#
.............#
.##................#
.##....#..>........#
.##....#...........#
.##....#...........#
.##....#...........#
.##....#.......O@)[#
.##....#.........e.#
.......'...............
###....#................
..'.....................
###.....................
..###.#....#######......
#.###.#....# ....##
..#...#....#


You could see an ogre and Dowan (fast).

Vanquished Creatures
  Duvessa (D:4)
  2 adders (D:3)
  A worm (D:3)
  2 dart slugs
  2 leopard geckos
  7 bats
  3 giant cockroaches
  2 goblins (D:1)
  4 hobgoblins
  2 jackals (D:1)
  8 kobolds
  A quokka (D:4)
  A frilled lizard (D:4)
  4 rats
40 creatures vanquished.

Notes
Turn   | Place    | Note
-------+----------+-------------------------------------------
     0 | D:1      | Almogavar the Palentonga Berserker began the quest for the
                  | Orb.
     0 | D:1      | Reached XP level 1. HP: 20/20 MP: 1/1
   156 | D:1      | Reached XP level 2. HP: 20/27 MP: 2/2
  1010 | D:2      | Found a faded altar of an unknown god.
  1142 | D:2      | Reached XP level 3. HP: 33/33 MP: 3/3
  1673 | D:2      | Reached ** piety under Trog
  2838 | D:4      | Found a staircase to the Ecumenical Temple.
  2909 | D:4      | Noticed an ogre
  2910 | D:4      | Noticed Duvessa
  2910 | D:4      | Noticed Dowan
  2918 | D:4      | Killed Duvessa
  2919 | D:4      | Reached skill level 4 in Long Blades
  2919 | D:4      | Reached XP level 4. HP: 5/42 MP: 0/4
  2919 | D:4      | Reached XP level 5. HP: 6/49 MP: 0/5
  2919 | D:4      | Mangled by an ogre

Illustrated notes

Levels and vault maps discovered:
D:1:      amcnicky_arrival_double_pillar, layout_rooms, solitary_fountain
D:2:      layout_basic, chequers_ecumenical_altar_island
D:3:      layout_basic
D:4:      layout_basic, minmay_temple_entry_grid, uniq_duvessa

Skill      XL: |  1  2  3 |
---------------+----------+-----
Dodging        | 2 |  2.6
Long Blades    | 4 |  4.5
Fighting       | |  3.8
Armour         | |  1.8
Stealth        | |  0.2

Action                   |  1- 3 |  4- 6 || total
-------------------------+-------+-------++-------
Melee: Falchion          |   105 |     1 ||   106
       Tailslap          |    14 |       ||    14
Invok: Berserk           |     2 |       ||     2
       Trog's Hand       |     1 |       ||     1
 Abil: Rolling Charge    |    26 |       ||    26
  Use: Scroll            |     6 |       ||     6
Armor: Animal skin       |    37 |       ||    37
Dodge: Dodged            |    48 |       ||    48
       Rpst.: Falchion   |    16 |       ||    16
